 Dungeon Crawl Stone Soup version 0.27.1-34-g3ba077fa99 (webtiles) character file.

Game seed: 10898804776407644454

133 boopmooplesden the Shield-Bearer (level 4, -2/41 HPs)
             Began as a Minotaur Fighter on Jan 1, 2022.
             Killed from afar by Ijyb (5 damage)
             ... with a puff of flame
             ... on level 3 of the Dungeon.
             The game lasted 00:02:09 (1633 turns).

boopmooplesden the Shield-Bearer (Minotaur Fighter) Turns: 1633, Time: 00:02:10

Health: -2/41      AC: 11    Str: 20    XL:     4   Next: 94%
Magic:  3/3        EV:  4    Int:  5    God:
Gold:   131        SH:  9    Dex: 11    Spells: 3/3 levels left

rFire    . . .     SeeInvis .   a - +0 long sword
rCold    . . .     Faith    .   c - +0 kite shield
rNeg     . . .     Spirit   .   g - +0 plate armour
rPois    .         Reflect  .   (helmet restricted)
rElec    .         Harm     .   e - scarf {+Inv}
rCorr    .         Rampage  .   (no gloves)
Will     .....                  (no boots)
Stlth    ..........             (no amulet)
HPRegen  0.13/turn              (no ring)
MPRegen  0.08/turn              (no ring)

@: no status effects
A: horns 2, retaliatory headbutt
a: Evoke Invisibility


You were on level 3 of the Dungeon.
You visited 1 branch of the dungeon, and saw 3 of its levels.

You collected 131 gold pieces.

Inventory:

Hand Weapons
 a - a +0 long sword (weapon)
Missiles
 f - 8 javelins (quivered)
Armour
 b - a +0 scale mail
 c - a +0 kite shield (worn)
 e - a scarf of invisibility (worn)
 g - a +0 plate armour (worn)
Jewellery
 h - a ring of magical power
Potions
 d - a potion of might
 i - a potion of lignification {unknown}


   Skills:
 + Level 4.6 Fighting
 + Level 3.7 Long Blades
 + Level 4.3 Armour
 + Level 0.5 Dodging
 + Level 4.7 Shields


You had 3 spell levels left.
You didn't know any spells.
Your spell library was empty.

Dungeon Overview and Level Annotations

Branches:
Dungeon (3/15)

Altars:

Annotations:
D:3 Ijyb; doobhtoobh's ghost, amateur KoEn


Innate Abilities, Weirdness & Mutations

You have a pair of horns on your head.
You reflexively headbutt those who attack you in melee.


Message History

The quokka bites you but does no damage.
You closely miss Ijyb.
Ijyb is lightly wounded.
Ijyb hits you but does no damage. You block the quokka's attack.
You hit Ijyb.
Ijyb is moderately wounded.
The quokka bites you but does no damage.
You block Ijyb's attack.
The quokka bites you but does no damage.
You block Ijyb's attack.
You closely miss Ijyb.
Ijyb is moderately wounded.
The quokka bites you but does no damage.
Ijyb zaps a wand.
The puff of flame hits you! You block the quokka's attack.
You miss Ijyb. You headbutt Ijyb.
Ijyb is heavily wounded.
Ijyb hits you but does no damage. You block the quokka's attack.
Ijyb zaps a wand.
The puff of flame misses you.
You barely miss Ijyb. You headbutt Ijyb.
Ijyb is heavily wounded.
The quokka bites you but does no damage.
The quokka barely misses you.
You riposte.
You slash the quokka!
You kill the quokka!
Ijyb zaps a wand.
The puff of flame hits you.
You closely miss Ijyb. Your headbutt misses Ijyb.
Ijyb is heavily wounded.
Ijyb hits you with a +0 club.
You hit Ijyb but do no damage.
Ijyb is heavily wounded.
You block Ijyb's attack.
Ijyb zaps a wand.
The puff of flame hits you!
* * * LOW HITPOINT WARNING * * *
You closely miss Ijyb.
Ijyb is heavily wounded.
You block Ijyb's attack.
You closely miss Ijyb. Your headbutt misses Ijyb.
Ijyb is heavily wounded.
Ijyb zaps a wand.
The puff of flame hits you.
* * * LOW HITPOINT WARNING * * *
Ijyb zaps a wand.
The puff of flame hits you.
You die...

...# #..$# #...#
## #...##.##
.#######...#...#
................
................
......g@........
########...#...
#...# #...#
#...# #...# ..
########...###
#. ###
##.#..........#
####.##..
##.#........##.#
#........


You could see Ijyb.

Vanquished Creatures
  Jessica (D:2)
  Terence (D:2)
  An adder (D:2)
  4 worms
  A dart slug (D:1)
  An orc (D:2)
  2 ball pythons
  4 bats
  4 endoplasms (D:1)
  3 giant cockroaches
  6 goblins
  3 hobgoblins
  11 jackals
  6 kobolds
  2 quokkas
  A frilled lizard (D:2)
  5 rats
56 creatures vanquished.

Vanquished Creatures (others)
  4 plants (D:3)
4 creatures vanquished.

Grand Total: 60 creatures vanquished

Notes
Turn   | Place    | Note
-------+----------+-------------------------------------------
     0 | D:1      | boopmooplesden the Minotaur Fighter began the quest for the
                  | Orb.
     0 | D:1      | Reached XP level 1. HP: 19/19 MP: 0/0
    36 | D:1      | Reached XP level 2. HP: 12/27 MP: 1/1
   477 | D:1      | Reached XP level 3. HP: 23/30 MP: 2/2
  1107 | D:2      | Reached XP level 4. HP: 35/40 MP: 3/3
  1168 | D:2      | Noticed Jessica
  1171 | D:2      | Killed Jessica
  1289 | D:2      | Noticed Terence
  1294 | D:2      | Killed Terence
  1436 | D:3      | Noticed doobhtoobh's ghost (amateur KoEn)
  1620 | D:3      | Noticed Ijyb
  1633 | D:3      | Killed from afar by Ijyb

Illustrated notes

Levels and vault maps discovered:
D:1:      minmay_arrival_plants_in_alcoves, layout_basic
D:2:      layout_basic, uniq_jessica, uniq_terence
D:3:      layout_loops_cross, hellmonk_ecumenical_altar_leap_of_faith,
          gammafunk_ghost_gnarly_gnolls, uniq_natasha, uniq_ijyb

Skill      XL: |  1  2  3 |
---------------+----------+-----
Fighting       | 4 |  4.6
Armour         | 4 |  4.3
Shields        | 4 |  4.7
Long Blades    | 3 |  3.7
Dodging        | |  0.5

Action                   |  1- 3 |  4- 6 || total
-------------------------+-------+-------++-------
Melee: Long sword        |    99 |    42 ||   141
       Headbutt          |    14 |    11 ||    25
  Use: Scroll            |       |     2 ||     2
Armor: Scale mail        |    35 |       ||    35
       Plate armour      |    27 |    26 ||    53
Dodge: Dodged            |    33 |     8 ||    41
Block: Kite shield       |    69 |    20 ||    89
       Rpst.: Long sword |     6 |     4 ||    10
